 Dungeon Crawl Stone Soup version 0.30-b1-2-g02819fbbbe (webtiles) character file.

Game seed: 13422187127297979881

1962720 LaPetiteMort the Intangible (level 26, 238/238 HPs)
             Began as a Merfolk Gladiator on May 19, 2023.
             Was an Initiate of Yredelemnul.
             Escaped with the Orb
             ... and 3 runes on June 15, 2023!
             The game lasted 02:44:15 (49438 turns).

LaPetiteMort the Intangible (Merfolk Gladiator)    Turns: 49438, Time: 02:44:16

Health: 238/238    AC: 37    Str: 27    XL:     26   Next: 77%
Magic:  33/33      EV: 27    Int: 10    God:    Yredelemnul [......]
Gold:   7113       SH: 19    Dex: 18    Spells: 25/25 levels left

rFire   + + +        V - +9 demon trident (flame)
rCold   + . .        C - +0 kite shield {AC+3}
rNeg    + . .        m - +8 fire dragon scales
rPois   +            (helmet restricted)
rElec   +            Q - scarf {rC+ rF+}
rCorr   .            P - +0 pair of gloves
SInv    +            D - +5 pair of boots of Pessimism {rPois Str+5}
Will    +++..        Z - amulet of Vodka {Reflect rElec rF- rC+ Will++ SH+5} Stlth
                     b - +4 ring of protection
HPRegen 0.59/turn    H - ring "Foclo" {rF+ rN+ Int+3 SInv}
MPRegen 0.23/turn

%: reflection, clarity
@: studying Ice Magic
A: (nimble swimmer 2), mertail, horns 1, iridescent scales 1, clarity,
deterioration 1, dopey 1, low MP 1, subdued magic 1, inability to drink after
injury 1, MP-powered wands, sturdy frame 1
0: Orb of Zot
}: 3/15 runes: decaying, silver, gossamer
a: Renounce Religion, Recall Undead Harvest


You escaped.
You worshipped Yredelemnul.
Yredelemnul was greatly pleased with you.
You visited 9 branches of the dungeon, and saw 45 of its levels.
You visited 1 bazaar.
You also visited: Ice Cave.

You collected 8106 gold pieces.
You spent 993 gold pieces at shops.

Inventory:

Hand Weapons
 V - a +9 demon trident of flaming (weapon)
Missiles
 d - 9 throwing nets
 e - 17 javelins
 N - 12 silver javelins (quivered)
Armour
 m - +8 fire dragon scales (worn)
 C - a +0 kite shield of protection (worn)
 D - the +5 pair of boots of Pessimism (worn) {rPois Str+5}
   (You acquired it on level 4 of the Swamp)

   Str:       It affects your strength (+5).
   rPois:     It protects you from poison.
 M - the +2 helmet "Ulupis" {rElec Str+3 Dex+3}
   (You acquired it on level 14 of the Dungeon)

   Str:       It affects your strength (+3).
   Dex:       It affects your dexterity (+3).
   rElec:     It insulates you from electricity.
 P - a +0 pair of gloves (worn)
 Q - a scarf of resistance (worn)
Jewellery
 b - a +4 ring of protection (left hand)
 h - the ring of Niubus {Fly rN++ Dex+5}
   (You found it on level 2 of the Depths)

   [ring of flight]

   Dex:       It affects your dexterity (+5).
   rN:        It greatly protects you from negative energy.
   Fly:       It grants you flight.
 i - the ring of Ruir {Drain rF+ rCorr Slay+2}
   (You took it off a yaktaur captain on level 5 of the Vaults)

   [ring of protection from fire]

   Slay:      It affects your accuracy & damage with ranged weapons and melee
   (+2).
   rF:        It protects you from fire.
   rCorr:     It protects you from acid and corrosion.
   Drain:     It drains your maximum health when unequipped.
 y - a ring of see invisible
 F - a ring of wizardry
 H - the ring "Foclo" (right hand) {rF+ rN+ Int+3 SInv}
   (You found it on level 6 of the Dungeon)

   [ring of positive energy]

   Int:       It affects your intelligence (+3).
   rF:        It protects you from fire.
   rN:        It protects you from negative energy.
   SInv:      It lets you see invisible.
 L - a ring of protection from fire
 U - an amulet of faith
 Z - the amulet of Vodka (around neck) {Reflect rElec rF- rC+ Will++ SH+5}
   (You acquired it on level 4 of the Swamp)

   [amulet of reflection]

   It reflects blocked missile attacks.
   rF:        It makes you vulnerable to fire.
   rC:        It protects you from cold.
   rElec:     It insulates you from electricity.
   SH:        It affects your SH (+5).
   Will:      It greatly increases your willpower.
Wands
 j - a wand of charming (27)
 O - a wand of iceblast (39)
 S - a wand of polymorph (35)
 X - a wand of quicksilver (18)
 Y - a wand of mindburst (20)
Scrolls
 f - a scroll of silence
 g - 5 scrolls of poison
 k - 10 scrolls of fog
 l - a scroll of magic mapping
 n - 2 scrolls of summoning
 p - 4 scrolls of noise
 q - a scroll of brand weapon
 u - 8 scrolls of fear
 B - 7 scrolls of amnesia
 E - 3 scrolls of blinking
 G - 6 scrolls of teleportation
Potions
 a - 2 potions of attraction
 c - 4 potions of magic
 o - 21 potions of curing
 r - 6 potions of flight
 s - 5 potions of ambrosia
 t - 4 potions of mutation
 v - 6 potions of lignification
 w - a potion of might
 x - 5 potions of brilliance
 z - 2 potions of resistance
 A - 3 potions of invisibility
 I - 4 potions of heal wounds
 J - 3 potions of cancellation
 R - 4 potions of berserk rage
 T - 2 potions of haste
Miscellaneous
 K - a phial of floods
 W - a phantom mirror


   Skills:
 + Level 26.1 Fighting
 - Level 20.0 Polearms
 - Level 14.0 Throwing
 - Level 12.0 Armour
 O Level 27 Dodging
 - Level 14.0 Shields
 - Level 20.0 Invocations


You had 25 spell levels left.
You didn't know any spells.
Your spell library contained the following spells:

 Spells                   Type           Power      Damage    Failure   Level
 Apportation              Tloc           0%         N/A       63%         1
 Necrotise                Necr           0%         1d4       63%         1
 Shock                    Conj/Air       0%         1d3       63%         1
 Summon Small Mammal      Summ           0%         N/A       63%         1
 Blink                    Tloc           0%         N/A       77%         2
 Ensorcelled Hibernation  Hex/Ice        0%         N/A       77%         2
 Lesser Beckoning         Tloc           0%         N/A       77%         2
 Momentum Strike          Conj/Tloc      0%         3d8       77%         2
 Poisonous Vapours        Pois/Air       0%         N/A       77%         2
 Sublimation of Blood     Necr           0%         N/A       77%         2
 Call Canine Familiar     Summ           0%         N/A       94%         3
 Ignite Poison            Fire/Tmut/Pois 0%         N/A       94%         3
 Inner Flame              Hex/Fire       0%         N/A       94%         3
 Mephitic Cloud           Conj/Pois/Air  0%         N/A       94%         3
 Ozocubu's Armour         Ice            0%         N/A       94%         3
 Portal Projectile        Hex/Tloc       0%         N/A       94%         3
 Spider Form              Tmut/Pois      0%         N/A       94%         3
 Stone Arrow              Conj/Erth      0%         3d7       94%         3
 Swiftness                Air            0%         N/A       94%         3
 Tukima's Dance           Hex            0%         N/A       94%         3
 Vhi's Electric Charge    Tloc/Air       0%         N/A       94%         3
 Volatile Blastmotes      Fire/Tloc      0%         2d10      94%         3
 Airstrike                Air            0%         2d(0-16)  100%        4
 Anguish                  Hex/Necr       0%         N/A       100%        4
 Animate Armour           Summ/Erth      0%         N/A       100%        4
 Cause Fear               Hex            0%         N/A       100%        4
 Flame Wave               Conj/Fire      0%         2d4       100%        4
 Fulminant Prism          Conj/Hex       0%         3d5       100%        4
 Iskenderun's Mystic Bla  Conj/Tloc      0%         2d3       100%        4
 Leda's Liquefaction      Hex/Erth       0%         N/A       100%        4
 Manifold Assault         Tloc           0%         N/A       100%        4
 Passage of Golubria      Tloc           0%         N/A       100%        4
 Petrify                  Tmut/Erth      0%         N/A       100%        4
 Sticky Flame             Conj/Fire      0%         2d3       100%        4
 Summon Lightning Spire   Summ/Air       0%         N/A       100%        4
 Arcjolt                  Conj/Air       0%         1d10      100%        5
 Blade Hands              Tmut           0%         N/A       100%        5
 Freezing Cloud           Conj/Ice/Air   0%         6-21      100%        5
 Irradiate                Conj/Tmut      0%         3d11      100%        5
 Lee's Rapid Deconstruct  Erth           0%         3d4*      100%        5
 Metabolic Englaciation   Hex/Ice        0%         N/A       100%        5
 Silence                  Hex/Air        0%         N/A       100%        5
 Statue Form              Tmut/Erth      0%         N/A       100%        6
 Dragon Form              Tmut           0%         N/A       100%        7
 Storm Form               Tmut/Air       0%         N/A       100%        7
 Borgnjor's Revivificati  Necr           0%         N/A       100%        8
 Ignition                 Fire           0%         3d3       100%        8
 Lehudib's Crystal Spear  Conj/Erth      0%         10d2      100%        8
 Maxwell's Capacitive Co  Air            0%         ∞         100%        8
 Necromutation            Tmut/Necr      0%         N/A       100%        8
 Death's Door             Necr           0%         N/A       100%        9
 Dragon's Call            Summ           0%         N/A       100%        9
 Simulacrum               Ice/Necr       Unusable   N/A       N/A         6

Dungeon Overview and Level Annotations

Branches:
Dungeon (15/15)            Temple (1/1) D:7            Lair (5/5) D:10
  Swamp (4/4) Lair:2       Spider (4/4) Lair:2        Slime (0/5) Lair:5
    Orc (2/2) D:12            Elf (0/3) Orc:2        Vaults (5/5) D:13
  Crypt (0/3) Vaults:3     Depths (4/4) D:15            Zot (5/5) Depths:4
  IceCv (visited)

Altars:
Ashenzari
Cheibriados
Dithmenos
Elyvilon
Fedhas
Gozag
Hepliaklqana
Kikubaaqudgha
Makhleb
Nemelex Xobeh
Okawaru
Qazlal
Ru
Sif Muna
Trog
Uskayaw
Vehumet
Wu Jian
Xom
Yredelemnul
Zin
The Shining One
Jiyva

Shops:
D:6 *   Orc:2 *=([(   Vaults:3 (   Depths:3 *   Depths:4 *

Portals:
Hell: Depths:1 Depths:2 Depths:3 Depths:4
Abyss: Depths:2 Depths:3
Pandemonium: Depths:2 Depths:3 Depths:4
Ziggurat: Depths:2

Annotations:
Lair:5 exclusion: 2 oklob plants
Vaults:4 2 transporters, Muvus's ghost, adept DsFi
Zot:3 exclusion: 2 upstairs


Innate Abilities, Weirdness & Mutations

((You are very nimble when in or above water. (Stealth+, EV+, Speed+++)))
Your lower body shifts to a powerful aquatic tail in water.
You have a pair of small horns on your head.
You are partially covered in iridescent scales. (AC +2)
You possess an exceptional clarity of mind.
Your body sometimes deteriorates upon taking damage.
You are dopey. (Int -2)
Your magical capacity is low. (-10% MP)
Your spells are a little easier to cast, but a little less powerful.
You occasionally lose the ability to drink potions when taking damage.
You expend magic power (3 MP) to strengthen your wands.
Your movements are slightly less encumbered by armour. (ER -2)


Message History

An Orb Guardian comes into view.
As you read the scroll of teleportation, it crumbles to dust.
You feel strangely unstable.
You feel the Orb delaying your translocation!
You block the Orb Guardian's attack.
You hit the Orb Guardian but do no damage.
You headbutt the Orb Guardian!
The Orb Guardian is lightly wounded.
The Orb Guardian completely misses you.
You closely miss the Orb Guardian.
The Orb Guardian is lightly wounded.
You block the Orb Guardian's attack.
You barely miss the Orb Guardian. You headbutt the Orb Guardian!
The Orb Guardian is moderately wounded.
You block the Orb Guardian's attack.
You impale the Orb Guardian!! You burn the Orb Guardian!
Your headbutt misses the Orb Guardian.
The Orb Guardian is severely wounded.
You block the Orb Guardian's attack.
You impale the Orb Guardian!! You burn the Orb Guardian.
You kill the Orb Guardian!
Your surroundings suddenly seem different.
As you read the scroll of teleportation, it crumbles to dust.
You feel strangely unstable.
You feel the Orb delaying your translocation!
A glowing orange brain comes into view.
Your surroundings suddenly seem different.
There is an open door here.
HP restored.
You open the door.
There is an open door here.
There is an open door here.
A red devil comes into view. It is wielding a +0 trident.
There is an open door here.
There is an open door here.
There is an open door here.
There is an open door here.
There is a staircase leading out of the dungeon here.
You block the red devil's attack.
You have escaped!

..........##.#.............#.#
..........+....########.....>#
..........####.#......#...####
##.............#......'.#...#
###'#####.#####..8...#####.##
#.# #.#...'......# #..# ## #.#
#.#...#......# ##.# .# #.#
#.#...####'########.# .###.#
#.##4##@#.........#.# .#...#
#..#..#'#.........#.# .#.#.##
##.#..4.#.........#.#
.#.#..#####.######.........#.#
.#'##........# #.........#.#
.....#...###.#####.........#.#
.....#.#.#.#.#...'.........#.#
#....#......>#)###.........'.#
.....##........# #############


You could see a red devil.

Vanquished Creatures
  3 ancient liches (Zot:5)
  10 orbs of fire
  A juggernaut (Depths:3)
  4 Killer Klowns
  3 golden dragons
  5 curse toes
  Nikola (Spider:1)
  2 electric golems
  2 doom hounds (Zot:2)
  A walking earthen tome (Depths:2)
  A lich (Depths:2)
  8 tentacled monstrosities
  22 Orb Guardians
  A walking frostbound tome (Depths:2)
  5 quicksilver dragons
  A titan (Vaults:5)
  A walking divine tome (Depths:4)
  2 Executioners
  2 shadow dragons
  8 death cobs
  8 storm dragons
  Kirke (D:13)
  5 draconian monks
  Donald (Lair:2)
  2 fenstrider witches (Swamp:4)
  6 tengu reavers
  An emperor scorpion (Spider:4)
  A fenstrider witch (shapeshifter) (Vaults:5)
  10 vault wardens
  10 frost giants
  6 fire giants
  A deep elf sorcerer (Vaults:5)
  4 draconian scorchers
  7 draconian knights
  3 draconian shifters
  3 draconian stormcallers
  7 ghost moths
  3 orc warlords
  7 stone giants
  4 draconian annihilators
  3 ironbound thunderhulks
  10 ironbound preservers
  A cacodemon (Depths:3)
  5 very ugly things
  4 green draconians
  2 eleionomae
  13 white draconians
  11 black draconians
  5 red draconians
  3 bunyips
  8 yellow draconians
  4 spark wasps
  13 purple draconians
  The ghost of Ixoagrun the Bludgeoner, a journeyman MiFi of Okawaru (Lair:3)
  Snorg (D:11)
  A merfolk impaler (Depths:2)
  A jiangshi (Depths:3)
  An ettin (shapeshifter) (Vaults:5)
  13 ettins
  10 yaktaur captains
  A shambling mangrove (Swamp:3)
  3 deep elf death magi
  3 entropy weavers
  5 fire dragons
  6 ice dragons
  2 deep elf high priests (Vaults:5)
  5 great orbs of eyes
  11 hydras
  21 vault guards
  2 catoblepae
  A hell beast (Depths:1)
  11 centaur warriors
  3 ironbound frosthearts (Vaults:1)
  2 ogre magi
  9 two-headed ogres
  2 ghost crabs (Swamp:3)
  4 jorogumos
  Erica (D:10)
  4 boulder beetles
  A hell hog (Depths:1)
  2 death knights
  2 dancing weapons (Zot:3)
  4 tengu warriors
  5 alligators
  3 death yaks (Lair:5)
  2 vampire magi
  4 death scarabs (Spider:4)
  2 orc high priests (Orc:2)
  4 deep troll shamans
  The ghost of raph the Geomancer, a novice GrEE of Sif Muna (D:8)
  5 deep troll earth magi
  Urug (D:10)
  A soul eater (Depths:3)
  5 spriggan berserkers
  A sun demon (Zot:1)
  4 skysharks
  10 hell knights
  6 iron trolls
  7 pharaoh ants
  2 skeletal warriors (D:15)
  A spriggan druid (Swamp:3)
  Lodul (D:11)
  2 sixfirhies
  A spriggan rider (Swamp:4)
  7 orb spiders
  2 flayed ghosts
  4 swamp dragons
  26 deep trolls
  2 goliath frogs (Swamp:2)
  A sea snake (shapeshifter) (Depths:4)
  5 glowing orange brains
  A quicksilver dragon simulacrum (Depths:1)
  9 lindwurms
  2 bog bodies (Swamp:4)
  An orange crystal statue (IceCv)
  A tengu zombie (Vaults:1)
  A broodmother zombie (Spider:4)
  17 ironbound convokers
  3 deep elf pyromancers
  4 steelbarb worms
  3 orc knights (Vaults:1)
  4 phantasmal warriors (Vaults:5)
  3 harpies
  2 orc sorcerers (Orc:2)
  2 wizards
  10 wolf spiders
  13 ugly things
  4 manticores
  A manticore (shapeshifter) (D:13)
  A stone giant zombie (D:15)
  7 necromancers
  5 cyclopes
  9 moths of wrath
  13 elephants
  A fire giant zombie (Depths:1)
  A moth of wrath (shapeshifter) (Vaults:5)
  2 will-o-the-wisps (Swamp:4)
  4 fire giant skeletons
  2 frost giant skeletons
  Maurice (D:12)
  12 vault sentinels
  4 storm dragon simulacra (IceCv)
  8 cane toads
  4 demonic crawlers
  5 black mambas
  2 orange demons
  4 gargoyles
  A torpor snail (Spider:3)
  An efreet (D:15)
  19 yaktaurs
  2 rime drakes
  Psyche (D:11)
  A yaktaur (shapeshifter) (Vaults:5)
  A tormentor (Depths:4)
  13 komodo dragons
  6 golden dragon simulacra (IceCv)
  A freezing wraith (D:12)
  7 trolls
  4 red devils
  A polar bear (D:13)
  A human zombie (Vaults:1)
  11 tarantellas
  Prince Ribbit (D:5)
  4 hornets
  A wolf spider simulacrum (D:15)
  A merfolk (D:14)
  Grinder (D:4)
  7 blink frogs
  A spectral culicivora (Spider:4)
  3 spectral jumping spiders (Spider:4)
  2 raiju (shapeshifter)
  4 dream sheep (Lair:5)
  A spriggan zombie (D:15)
  13 slime creatures
  3 centaur simulacra
  A vampire (D:12)
  9 jumping spiders
  4 shadows
  8 culicivoras
  3 wraiths
  3 wyverns
  2 ynoxinuls
  2 spriggans (Swamp:3)
  A water elemental (Depths:2)
  Eustachio (D:4)
  2 hogs (D:12)
  27 redbacks
  30 yaks
  2 basilisks
  A neqoxec (Depths:3)
  A steam dragon (D:6)
  An elf simulacrum (Vaults:5)
  3 fire elementals
  14 vampire mosquitoes
  Edmund (D:5)
  A warg (Orc:2)
  Menkaure (D:4)
  4 swamp worms
  3 hell hounds
  A floating eye (D:12)
  9 water moccasins
  An acid dragon (D:13)
  A floating eye (shapeshifter) (Vaults:5)
  7 ice beasts
  3 swamp drakes (Swamp:4)
  5 black bears
  A human skeleton (D:15)
  14 orc warriors
  An ice beast (shapeshifter) (Vaults:5)
  2 sky beasts
  6 ice dragon simulacra (IceCv)
  5 boggarts (Vaults:3)
  2 wolves
  12 ogres
  16 centaurs
  A phantom (D:7)
  3 kobold brigands
  10 bullfrogs
  4 scorpions
  9 wights
  A troll zombie (Swamp:4)
  3 lindwurm simulacra (IceCv)
  8 howler monkeys
  3 electric eels
  A troll skeleton (Swamp:4)
  A quasit (D:10)
  7 hounds
  A gnoll bouda (Temple)
  2 jellies
  Crazy Yiuf (D:5)
  8 orc priests
  4 iguanas
  6 orc wizards
  A boggart simulacrum (D:14)
  6 gnolls
  5 adders
  4 white imps
  4 ufetubi (D:13)
  A dart slug (D:2)
  66 orcs
  7 endoplasms
  5 giant cockroaches
  4 goblins
  3 hobgoblins
  24 kobolds
  3 quokkas
  7 ball pythons
  2 bats (Orc:1)
  12 frilled lizards
  3 rats (D:1)
  A spectral weapon (Swamp:3)
1223 creatures vanquished.

Vanquished Creatures (collateral kills)
  2 Killer Klowns
  the Lernaean hydra (Swamp:4)
  Margery (Depths:3)
  A bone dragon (Depths:1)
  3 tentacled monstrosities
  6 Orb Guardians
  Mlioglotl (Swamp:3)
  3 quicksilver dragons
  A lich (Depths:3)
  Grunn (Zot:2)
  Frances (D:13)
  A sphinx (Vaults:4)
  A thorn hunter (Swamp:4)
  A tengu reaver (Depths:1)
  2 draconian monks
  A shadow dragon (Vaults:5)
  4 fire giants
  An iron dragon (Vaults:5)
  Aizul (Swamp:3)
  A frost giant (Vaults:5)
  7 vault wardens
  An emperor scorpion (Spider:4)
  2 draconian scorchers
  Louise (Swamp:3)
  3 ghost moths
  A draconian annihilator (Zot:2)
  8 stone giants
  2 ironbound thunderhulks
  9 ironbound preservers
  7 very ugly things
  A vampire knight (Depths:2)
  A green draconian (Zot:2)
  Azrael (Orc:2)
  6 dire elephants
  2 black draconians (Depths:4)
  5 purple draconians
  2 spark wasps
  3 yellow draconians
  3 white draconians
  3 bunyips
  An eidolon (Vaults:3)
  2 deep elf death magi
  3 fire dragons
  2 jiangshi (Depths:3)
  A shambling mangrove (Swamp:3)
  3 ettins
  A great orb of eyes (Vaults:4)
  An entropy weaver (Spider:3)
  An ice dragon (Depths:1)
  4 yaktaur captains
  14 hydras
  3 rakshasas
  15 vault guards
  Harold (D:10)
  Erolcha (D:13)
  4 spriggan air magi
  A hell beast (Zot:4)
  A catoblepas (Lair:5)
  11 centaur warriors
  A hydra (shapeshifter) (Vaults:5)
  An ironbound frostheart (Vaults:2)
  A jorogumo (Spider:4)
  2 ogre magi (Vaults:5)
  3 boulder beetles
  4 two-headed ogres
  2 radroaches
  5 death yaks (Lair:5)
  3 dancing weapons (Zot:3)
  2 ghost crabs
  5 alligators
  5 death scarabs (Spider:4)
  A vampire mage (Depths:3)
  3 spriggan berserkers (Depths:4)
  5 hell knights (Depths:3)
  2 orc high priests (Orc:2)
  Sonja (Orc:2)
  4 pharaoh ants
  A spark wasp zombie (Depths:2)
  An iron troll (Depths:4)
  2 spriggan riders
  A glowing orange brain (Vaults:3)
  3 goliath frogs
  4 ironbound convokers
  2 spriggan druids
  7 swamp dragons
  5 orb spiders
  3 bog bodies
  A phantasmal warrior (Vaults:5)
  A wizard (D:15)
  6 steelbarb worms
  17 deep trolls
  A tengu zombie (Vaults:1)
  A lindwurm (Vaults:3)
  8 harpies
  2 orc sorcerers (Orc:2)
  4 orc knights
  9 wolf spiders
  3 necromancers
  4 ugly things
  2 manticores
  A cyclops (Orc:2)
  2 will-o-the-wisps
  2 black mambas
  2 human skeletons (Vaults:5)
  8 moths of wrath
  5 elephants
  2 demonic crawlers
  A black mamba (shapeshifter) (Vaults:5)
  A rust devil (Depths:3)
  3 torpor snails
  7 vault sentinels
  A komodo dragon (Lair:5)
  4 spectral redbacks (Spider:4)
  6 cane toads
  A tormentor (D:7)
  A redback zombie (Spider:4)
  15 yaktaurs
  A rime drake (Lair:5)
  An ice devil (D:10)
  2 red devils
  3 spectral jumping spiders (Spider:4)
  3 trolls
  2 tyrant leeches
  2 human zombies (Vaults:5)
  A polar bear (Lair:1)
  A golden dragon simulacrum (Depths:1)
  5 hornets
  A spectral tarantella (Spider:4)
  2 jumping spider zombies (Spider:4)
  7 tarantellas
  2 tarantella zombies (Spider:4)
  3 blink frogs
  A dream sheep (Lair:5)
  A culicivora zombie (Spider:4)
  11 culicivoras
  A wyvern (D:10)
  9 jumping spiders
  8 slime creatures
  A wraith (D:12)
  4 fire elementals (Orc:2)
  5 spriggans
  A spriggan zombie (Swamp:3)
  2 basilisks
  23 yaks
  2 chaos spawn
  31 redbacks
  10 vampire mosquitoes
  8 swamp worms
  A warg (Orc:2)
  An acid dragon (D:8)
  A floating eye (Lair:5)
  6 water moccasins
  A black bear (Lair:1)
  6 orc warriors
  2 ice beasts (D:15)
  4 swamp drakes
  An ice dragon simulacrum (IceCv)
  5 ogres
  2 wolves (Lair:3)
  3 centaurs (D:13)
  A yaktaur zombie (Vaults:3)
  A gnoll sergeant (D:11)
  2 bullfrogs (Lair:2)
  2 troll zombies (Swamp:4)
  A killer bee (D:8)
  3 quasits (D:10)
  An orc priest (D:12)
  An orc wizard (D:9)
  A gnoll (D:11)
  2 white imps
  A worm (shapeshifter) (Vaults:5)
  19 orcs
  A bat (Orc:1)
  2 orc zombies (Vaults:5)
  3 spectral weapons
600 creatures vanquished.

Vanquished Creatures (others)
  A seraph (D:13)
  A spectral tengu (Zot:1)
  2 draconian scorchers
  A spectral draconian (Zot:5)
  4 spectral tentacled monstrosities
  A doom hound zombie (Zot:2)
  A spectral minotaur (D:15)
  3 Killer Klown zombies
  A white draconian (IceCv)
  2 quicksilver dragon zombies
  9 Orb Guardian zombies (Zot:5)
  A titan zombie (Vaults:5)
  A spectral Executioner (D:5)
  4 storm dragon zombies
  A golden dragon zombie (Zot:2)
  An orb spider (Spider:1)
  A spark wasp zombie (Depths:2)
  A spectral human (Orc:2)
  3 wolf spider zombies
  3 stone giant zombies
  A jorogumo zombie (Spider:2)
  23 human zombies
  A frost giant zombie (Vaults:5)
  2 fire giant zombies
  A moth of wrath (Zot:2)
  2 death scarab zombies (Spider:4)
  7 draconian zombies
  2 centaur zombies
  2 elf zombies
  7 black draconian zombies
  5 purple draconian zombies
  A red draconian zombie (Zot:2)
  3 swamp worm zombies
  A green draconian zombie (Zot:3)
  An orb spider zombie (Spider:4)
  An iron troll zombie (Depths:4)
  8 redback zombies
  4 white draconian zombies
  2 yellow draconian zombies (Zot:2)
  A steelbarb worm zombie (Spider:1)
  A spectral glowing orange brain (Depths:4)
  A bloated husk (Swamp:4)
  4 harpy zombies
  6 moth of wrath zombies
  2 spectral orange demons
  A tarantella (Spider:1)
  3 jumping spider zombies
  2 hydra zombies
  2 spriggan zombies (Depths:4)
  An alligator zombie (Swamp:4)
  A great orb of eyes zombie (Vaults:1)
  3 culicivora zombies (Spider:3)
  A spectral floating eye (D:12)
  4 fire dragon zombies
  5 tarantella zombies
  5 ettin zombies
  A black mamba zombie (Vaults:5)
  A jumping spider (Spider:1)
  4 slime creature zombies
  4 two-headed ogre zombies
  A warg (Orc:2)
  A tengu zombie (D:13)
  12 deep troll zombies
  An entropy weaver zombie (Spider:3)
  3 cane toad zombies
  A spectral red devil (D:10)
  5 hornet zombies
  3 elephant zombies
  An ice dragon simulacrum (IceCv)
  A lindwurm zombie (Vaults:2)
  A blink frog zombie (Lair:2)
  7 vampire mosquito zombies
  A spectral neqoxec (Depths:3)
  2 komodo dragon zombies
  7 yaktaur zombies
  A cyclops zombie (Orc:2)
  4 water moccasin zombies
  A warg zombie (Orc:2)
  2 raiju zombies
  2 troll zombies (Orc:2)
  6 yak zombies
  A polar bear zombie (D:13)
  A wolf zombie (Lair:3)
  2 bullfrog zombies
  A boggart zombie (Vaults:3)
  An acid dragon zombie (D:13)
  4 ogre zombies
  A spectral quasit (D:10)
  A howler monkey zombie (D:11)
  A gnoll zombie (D:11)
  A swamp drake zombie (Swamp:4)
  An adder (D:6)
  4 spectral white imps
  A bat zombie (Orc:1)
  2 kobold zombies
  34 orc zombies
  2 spectral ufetubi (D:13)
  A bush (Lair:3)
  8 foxfires (Swamp:4)
  55 fungi
  148 plants
  8 spectral weapons
  8 withered plants (D:15)
518 creatures vanquished.

Grand Total: 2341 creatures vanquished

Notes
Turn   | Place    | Note
-------+----------+-------------------------------------------
     0 | D:1      | LaPetiteMort the Merfolk Gladiator began the quest for the
                  | Orb.
     0 | D:1      | Reached XP level 1. HP: 16/16 MP: 1/1
   332 | D:1      | Reached XP level 2. HP: 11/23 MP: 2/2
   575 | D:1      | Reached XP level 3. HP: 28/28 MP: 3/3
   945 | D:2      | Found a faded altar of an unknown god.
  1082 | D:2      | Reached XP level 4. HP: 35/35 MP: 4/4
  1899 | D:4      | Noticed Grinder
  1983 | D:4      | Noticed Menkaure
  2022 | D:4      | Noticed Eustachio
  2058 | D:4      | Killed Eustachio
  2059 | D:4      | Reached skill level 5 in Polearms
  2059 | D:4      | Reached skill level 5 in Dodging
  2059 | D:4      | Reached XP level 5. HP: 42/42 MP: 5/5
  2059 | D:4      | Reached XP level 6. HP: 48/48 MP: 6/6
  2447 | D:4      | Paralysed by Grinder for 5 turns
  2461 | D:4      | Killed Grinder
  2462 | D:4      | Reached skill level 6 in Dodging
  2462 | D:4      | Reached XP level 7. HP: 23/55 MP: 7/7
  2616 | D:4      | Found a glowing golden altar of the Shining One.
  2798 | D:4      | Killed Menkaure
  2799 | D:4      | Reached skill level 5 in Fighting
  2871 | D:4      | Reached XP level 8. HP: 53/62 MP: 8/8
  2962 | D:4      | Found a glowing silver altar of Zin.
  2987 | D:4      | Reached skill level 7 in Dodging
  3070 | D:5      | Entered Level 5 of the Dungeon
  3116 | D:5      | Identified the +1 robe of Kurphuem {Harm Slay+3 Archmagi}
  3170 | D:5      | Found a runed translucent door.
  3171 | D:5      | Noticed Crazy Yiuf
  3222 | D:5      | Noticed Prince Ribbit
  3284 | D:5      | Killed Prince Ribbit
  3285 | D:5      | Reached skill level 5 in Throwing
  3495 | D:5      | Noticed Edmund
  3535 | D:5      | Killed Edmund
  3717 | D:5      | Killed Crazy Yiuf
  3721 | D:5      | Identified the +9 hammer of Ashenzari, Stopping {heavy,
                  | Drain rElec rC++}
  3764 | D:6      | Reached skill level 8 in Dodging
  3812 | D:6      | Reached XP level 9. HP: 66/71 MP: 9/9
  4014 | D:6      | Identified the ring "Foclo" {rF+ rN+ Int+3 SInv}
  4148 | D:6      | Found Foptap's CLEARANCE SALE!.
  4534 | D:7      | Found a shimmering altar of Xom.
  4674 | D:7      | Found a staircase to the Ecumenical Temple.
  4695 | Temple   | Entered the Ecumenical Temple
  4961 | D:7      | Noticed a boulder beetle
  4991 | Temple   | Reached skill level 1 in Armour
  5293 | D:7      | Killed a boulder beetle
  5294 | D:7      | Reached XP level 10. HP: 48/80 MP: 10/10
  5324 | D:7      | Reached skill level 10 in Polearms
  5397 | D:7      | Noticed a gargoyle
  5434 | D:7      | Killed a gargoyle
  6097 | D:8      | Found a basalt altar of Yredelemnul.
  6104 | D:8      | Became a worshipper of Yredelemnul the Dark
  6183 | D:8      | Found a runed translucent gate.
  6184 | D:8      | Found a runed translucent gate.
  6184 | D:8      | Noticed raph's ghost (novice GrEE)
  6185 | D:8      | Found a runed translucent gate.
  6195 | D:8      | Found a shadowy altar of Dithmenos.
  6306 | D:8      | Reached * piety under Yredelemnul
  6384 | D:8      | Reached ** piety under Yredelemnul
  6515 | D:8      | Reached *** piety under Yredelemnul
  7206 | D:8      | Reached skill level 5 in Armour
  7449 | D:9      | Reached XP level 11. HP: 86/86 MP: 11/11
  7710 | D:10     | Entered Level 10 of the Dungeon
  7861 | D:10     | Found a staircase to the Lair.
  7888 | D:10     | Reached skill level 9 in Dodging
  7995 | D:10     | Reached **** piety under Yredelemnul
  8159 | D:10     | Noticed Erica
  8169 | D:10     | Killed Erica
  8177 | D:10     | Noticed Urug
  8183 | D:10     | Killed Urug
  8183 | D:10     | Reached ***** piety under Yredelemnul
  8208 | D:10     | Noticed a sixfirhy
  8214 | D:10     | Killed a sixfirhy
  8215 | D:10     | Reached skill level 10 in Dodging
  8215 | D:10     | Reached skill level 1 in Invocations
  8251 | D:10     | Reached ****** piety under Yredelemnul
  8321 | D:10     | Noticed Harold
  8347 | D:10     | Killed Harold
  8382 | D:10     | Reached skill level 10 in Fighting
  9113 | Lair:1   | Entered Level 1 of the Lair of Beasts
  9456 | Lair:1   | Reached skill level 5 in Invocations
  9456 | Lair:1   | Reached XP level 12. HP: 97/97 MP: 15/15
  9912 | Lair:2   | Noticed a seven-headed hydra
  9921 | Lair:2   | Killed a seven-headed hydra
 10087 | Lair:2   | Found a hole to the Spider Nest.
 10285 | Lair:2   | Reached skill level 10 in Invocations
 10427 | Lair:2   | Found a staircase to the Swamp.
 11125 | Lair:3   | Reached skill level 11 in Dodging
 11130 | Lair:3   | Reached XP level 13. HP: 71/105 MP: 20/20
 11308 | Lair:3   | Found a runed translucent gate.
 11308 | Lair:3   | Found a runed translucent gate.
 11308 | Lair:3   | Found a runed translucent gate.
 11309 | Lair:3   | Noticed Ixoagrun's ghost (journeyman MiFi)
 11591 | Lair:3   | Reached skill level 12 in Dodging
 11809 | Lair:3   | Killed Ixoagrun's ghost
 12388 | Lair:4   | Reached skill level 13 in Dodging
 12513 | Lair:5   | Entered Level 5 of the Lair of Beasts
 12516 | Lair:5   | Found a staircase to the Slime Pits.
 12517 | Lair:5   | Found a viscous altar of Jiyva.
 12625 | Lair:5   | Reached XP level 14. HP: 116/116 MP: 21/21
 12708 | Lair:5   | Reached skill level 14 in Dodging
 13057 | Lair:5   | Paralysed by a floating eye for 3 turns
 13065 | Lair:5   | Paralysed by a floating eye for 3 turns
 13569 | Lair:5   | Reached skill level 1 in Shields
 14109 | D:8      | Killed raph's ghost
 14267 | D:11     | Noticed Lodul
 14293 | D:11     | Killed Lodul
 14332 | D:11     | Noticed Psyche
 14339 | D:11     | Killed Psyche
 14418 | D:11     | Noticed Snorg
 14433 | D:11     | Killed Snorg
 15108 | D:12     | Reached XP level 15. HP: 119/126 MP: 23/23
 15257 | D:12     | Noticed Maurice
 15271 | D:12     | Killed Maurice
 15332 | D:12     | Found a staircase to the Orcish Mines.
 15528 | D:12     | Reached skill level 10 in Throwing
 15824 | D:12     | Reached skill level 5 in Shields
 15918 | D:12     | Noticed Josephine
 15939 | D:12     | Killed Josephine
 15939 | D:12     | Enslaved Josephine
 16092 | Orc:1    | Entered Level 1 of the Orcish Mines
 16173 | Orc:2    | Entered Level 2 of the Orcish Mines
 16173 | Orc:2    | Found a staircase to the Elven Halls.
 16190 | Orc:2    | Noticed an orc warlord
 16203 | Orc:2    | Found Feusas's General Store.
 16206 | Orc:2    | Your ally Josephine died
 16446 | D:13     | Noticed Kirke
 16571 | D:13     | Killed Kirke
 16664 | D:13     | Found a gate to the Vaults.
 16875 | D:13     | Found a runed translucent door.
 16933 | D:13     | Your ally Kirke died
 16953 | D:13     | Identified the +2 shortbow of the Boiling Point {heavy,
                  | rPois}
 17057 | D:13     | Noticed Erolcha
 17059 | D:13     | Noticed Frances
 17063 | D:13     | Killed Erolcha
 17067 | D:13     | Killed Frances
 17447 | D:14     | Identified a scroll of acquirement
 17447 | D:14     | Acquired the +2 helmet "Ulupis" {rElec Str+3 Dex+3}
 17867 | D:15     | Entered Level 15 of the Dungeon
 17967 | D:15     | Reached XP level 16. HP: 124/133 MP: 26/26
 17974 | D:15     | Found a frozen archway.
 18033 | IceCv    | Entered an ice cave
 18590 | IceCv    | Identified the ring "Mauwuleb" {rElec Will- rCorr Int+6
                  | Dex-2}
 18713 | D:15     | Found an ancient bone altar of Kikubaaqudgha.
 18934 | D:15     | Found a staircase to the Depths.
 19216 | D:15     | Found a hazy altar of Hepliaklqana.
 20102 | Orc:2    | Noticed Sonja
 20105 | Orc:2    | Found Hoivecab's Jewellery Shop.
 20108 | Orc:2    | Killed Sonja
 20176 | Orc:2    | Found Luot's Antique Armour Boutique.
 20196 | Orc:2    | Found Giphiowu's Antique Weapon Shop.
 20207 | Orc:2    | Your ally Sonja died
 20210 | Orc:2    | Noticed Azrael
 20223 | Orc:2    | Found Qush's Antique Weapon Emporium.
 20237 | Orc:2    | Killed Azrael
 20282 | Orc:2    | Bought a slimy trident for 323 gold pieces
 20282 | Orc:2    | Identified the +1 trident "Qasesk" {freeze, Int-4 Dex+4
                  | Stlth+} (You bought it in a shop on level 2 of the Orcish
                  | Mines)
 20901 | Spider:1 | Entered Level 1 of the Spider Nest
 20903 | Spider:1 | Noticed Nikola
 20945 | Spider:1 | Noticed Donald
 20946 | Spider:1 | Killed Nikola
 21261 | Lair:2   | Killed Donald
 21696 | Spider:1 | Reached XP level 17. HP: 140/140 MP: 27/27
 21934 | Spider:1 | You fall into a shaft and drop 1 floor!
 22609 | Spider:3 | Noticed Jorgrun
 22619 | Spider:2 | Reached skill level 15 in Polearms
 22619 | Spider:2 | Reached skill level 15 in Dodging
 23268 | Spider:3 | Identified the +6 sling of Lolenit {freeze, Dex+3}
 23296 | Spider:3 | Reached skill level 15 in Fighting
 23587 | Spider:3 | Killed Jorgrun
 23587 | Spider:3 | Enslaved Jorgrun
 24043 | Spider:3 | Noticed Asterion
 24058 | Spider:3 | Killed Asterion
 24058 | Spider:3 | Enslaved Asterion
 24246 | Spider:3 | Identified the +5 short sword of Day {antimagic, rF++
                  | Int+3}
 24620 | Spider:4 | Entered Level 4 of the Spider Nest
 24644 | Spider:4 | Reached skill level 10 in Shields
 24754 | Spider:4 | Reached skill level 16 in Dodging
 25092 | Spider:4 | Reached XP level 18. HP: 151/151 MP: 28/28
 25223 | Spider:4 | Got a gossamer rune of Zot
 26016 | Swamp:1  | Entered Level 1 of the Swamp
 26081 | Swamp:1  | You fall into a shaft and drop 1 floor!
 26135 | Swamp:2  | Reached skill level 17 in Dodging
 26256 | Swamp:2  | Acquired 864 gold pieces
 26525 | Swamp:3  | Noticed Louise
 26536 | Swamp:3  | Killed Louise
 26576 | Swamp:3  | Noticed Mlioglotl
 26586 | Swamp:3  | Killed Mlioglotl
 26659 | Swamp:3  | Noticed Aizul
 26669 | Swamp:3  | Killed Aizul
 27030 | Swamp:4  | Entered Level 4 of the Swamp
 27216 | Swamp:4  | Reached XP level 19. HP: 159/159 MP: 29/29
 27306 | Swamp:4  | Reached skill level 18 in Dodging
 27466 | Swamp:4  | Acquired the amulet of Vodka {Reflect rElec rF- rC+ Will++
                  | SH+5}
 27478 | Swamp:4  | Acquired the +5 pair of boots of Pessimism {rPois Str+5}
 27532 | Swamp:4  | Noticed the 27-headed Lernaean hydra
 27534 | Swamp:4  | Killed the 27-headed Lernaean hydra
 27615 | Swamp:4  | Got a decaying rune of Zot
 28178 | Vaults:1 | Entered Level 1 of the Vaults
 29166 | Vaults:1 | Reached XP level 20. HP: 164/172 MP: 30/30
 29742 | Vaults:2 | Reached skill level 19 in Dodging
 31024 | Vaults:3 | Found a staircase to the Crypt.
 31707 | Vaults:3 | Found Hyberul's Weapon Boutique.
 31912 | Vaults:4 | Reached skill level 20 in Dodging
 32023 | Vaults:4 | Found a flickering gateway to a bazaar.
 32028 | Bazaar   | Entered a bazaar
 32028 | Bazaar   | Found Puozirol's Antique Armour Shoppe.
 32028 | Bazaar   | Found Lerecis's Weapon Emporium.
 32031 | Bazaar   | Found Alozyu's Magic Scroll Emporium.
 32041 | Bazaar   | Bought a scroll of enchant weapon for 82 gold pieces
 32050 | Bazaar   | Found Diboir's Assorted Antiques.
 32054 | Bazaar   | Bought a heavily runed scale mail for 108 gold pieces
 32054 | Bazaar   | Identified the +0 scale mail of Nihilism {rF+ rCorr} (You
                  | bought it in a shop in a bazaar)
 32060 | Bazaar   | Bought a scroll of blinking for 195 gold pieces
 32109 | Vaults:4 | Reached skill level 10 in Armour
 32333 | Vaults:4 | Reached XP level 21. HP: 182/182 MP: 31/31
 32458 | Vaults:4 | Found a transporter.
 32475 | Vaults:4 | Noticed Muvus's ghost (adept DsFi)
 32497 | Vaults:4 | Found a transporter.
 33146 | Depths:1 | Entered Level 1 of the Depths
 33175 | D:15     | Your ally Asterion died
 33399 | Depths:1 | Reached skill level 21 in Dodging
 33428 | Depths:1 | Noticed Sojobo
 33434 | Depths:1 | Paralysed by an air elemental for 1 turns
 33454 | Depths:1 | Killed Sojobo
 33454 | Depths:1 | Enslaved Sojobo
 33619 | Depths:1 | Found a shadowy altar of Dithmenos.
 33782 | Depths:1 | Found a gateway to Hell.
 33959 | Depths:1 | Noticed a bone dragon
 33979 | Depths:1 | Killed a bone dragon
 34209 | Depths:2 | Found a runed translucent door.
 34410 | Depths:2 | Found a one-way gateway to a ziggurat.
 34442 | Depths:2 | Found a stormy altar of Qazlal.
 34754 | Depths:2 | Found a one-way gate leading to the halls of Pandemonium.
 34954 | Depths:2 | Found a one-way gate to the infinite horrors of the Abyss.
 35122 | Depths:2 | Reached skill level 22 in Dodging
 35137 | Depths:2 | Reached XP level 22. HP: 170/192 MP: 32/32
 35137 | Depths:2 | Identified the ring of Niubus {Fly rN++ Dex+5}
 35144 | Depths:2 | Reached XP level 23. HP: 186/200 MP: 33/33
 35150 | Depths:2 | Identified the +7 falchion of Change {holy, rPois rF+++
                  | Dex-5 Stlth+}
 35151 | Depths:2 | Identified the +5 shortbow of LaPetiteMort's Misery
                  | {antimagic, rF+ Will+ Str+3}
 35153 | Depths:2 | Identified the staff of earth "Poosapsie" {Int+3}
 35155 | Depths:2 | Identified the +2 rapier of Famine {vamp, *Rage rElec
                  | Int+6}
 35375 | Depths:3 | Noticed Margery
 35386 | Depths:3 | Killed Margery
 35388 | Depths:3 | Noticed a juggernaut
 35398 | Depths:3 | Killed a juggernaut
 35900 | Depths:3 | Found Ixayps's General Store.
 35920 | Depths:3 | Gained mutation: You occasionally shout uncontrollably at
                  | your foes. [a neqoxec]
 36304 | Depths:4 | Entered Level 4 of the Depths
 36798 | Depths:4 | Found a bloodstained altar of Trog.
 37405 | Depths:4 | Reached skill level 15 in Invocations
 37471 | Depths:4 | Found Gulutsyn's General Store.
 37976 | Depths:4 | Found a gate to the Realm of Zot.
 38678 | Vaults:5 | Entered Level 5 of the Vaults
 38715 | Vaults:5 | Reached skill level 23 in Dodging
 38871 | Vaults:5 | Reached XP level 24. HP: 143/210 MP: 34/34
 39140 | Vaults:5 | Reached skill level 24 in Dodging
 39192 | Vaults:5 | Identified the ring of Ruir {Drain rF+ rCorr Slay+2}
 39209 | Vaults:5 | Paralysed by a floating eye for 4 turns
 39226 | Vaults:5 | Got a silver rune of Zot
 39513 | Vaults:5 | Reached skill level 25 in Dodging
 39664 | Vaults:5 | Identified the +1 short sword "Earthworm" {drain, rPois}
 39732 | Vaults:5 | Identified the +5 long sword of the Lettuce {drain, Str+4}
 40209 | Vaults:5 | Identified the amulet "Toruukhle" {Spirit rElec Will+
                  | Str-2}
 40223 | Vaults:5 | Reached skill level 26 in Dodging
 40749 | Zot:1    | Entered Level 1 of the Realm of Zot
 40913 | Depths:4 | Bought a wand of digging (4) for 285 gold pieces
 41024 | Zot:1    | Noticed a Killer Klown
 41041 | Zot:1    | Killed a Killer Klown
 41257 | Zot:2    | Noticed an orb of fire
 41341 | Zot:1    | Reached skill level 27 in Dodging
 41352 | Zot:1    | Noticed a Killer Klown
 41386 | Zot:1    | Killed a Killer Klown
 41433 | Zot:1    | Your ally Sojobo died
 42069 | Zot:1    | Gained mutation: You frequently scream uncontrollably at
                  | your foes. [an orb of fire]
 42079 | Zot:1    | Gained mutation: Your magical capacity is low. (-10% MP)
                  | [an orb of fire]
 42090 | Zot:1    | Gained mutation: You occasionally lose the ability to read
                  | scrolls when taking damage. [an orb of fire]
 42092 | Zot:1    | Gained mutation: You are occasionally teleported next to
                  | monsters. [an orb of fire]
 42094 | Zot:1    | Gained mutation: Your body sometimes deteriorates upon
                  | taking damage. [an orb of fire]
 42098 | Zot:1    | Gained mutation: Your spells are a little easier to cast,
                  | but a little less powerful. [an orb of fire]
 42108 | Zot:1    | Killed an orb of fire
 42110 | Zot:1    | Lost mutation: Your magical capacity is low. (-10% MP)
                  | [potion of mutation]
 42110 | Zot:1    | Lost mutation: You frequently scream uncontrollably at your
                  | foes. [potion of mutation]
 42110 | Zot:1    | Gained mutation: Your flesh is cold resistant. (rC+)
                  | [potion of mutation]
 42110 | Zot:1    | Gained mutation: Armour fits poorly on your strangely
                  | shaped body. [potion of mutation]
 42110 | Zot:1    | Lost mutation: You are occasionally teleported next to
                  | monsters. [potion of mutation]
 42111 | Zot:1    | Lost mutation: You occasionally lose the ability to read
                  | scrolls when taking damage. [potion of mutation]
 42111 | Zot:1    | Lost mutation: Armour fits poorly on your strangely shaped
                  | body. [potion of mutation]
 42111 | Zot:1    | Lost mutation: You occasionally shout uncontrollably at
                  | your foes. [potion of mutation]
 42111 | Zot:1    | Gained mutation: You are frail. (-10% HP) [potion of
                  | mutation]
 42330 | Zot:1    | Reached XP level 25. HP: 163/197 MP: 34/34
 42496 | Zot:2    | Noticed Grunn
 42509 | Zot:2    | Killed Grunn
 45462 | Zot:5    | Entered Level 5 of the Realm of Zot
 46350 | Zot:5    | Noticed an orb of fire
 46351 | Zot:5    | Noticed an orb of fire
 46351 | Zot:5    | Noticed an orb of fire
 46353 | Zot:5    | Noticed an orb of fire
 46405 | Zot:5    | Killed an orb of fire
 46415 | Zot:4    | Killed an orb of fire
 46473 | Zot:5    | Noticed an orb of fire
 46474 | Zot:5    | Lost mutation: You are frail. (-10% HP) [an orb of fire]
 46478 | Zot:4    | Gained mutation: You are dopey. (Int -2) [an orb of fire]
 46496 | Zot:4    | Gained mutation: You are frail. (-10% HP) [an orb of fire]
 46497 | Zot:4    | Killed an orb of fire
 46498 | Zot:4    | Reached XP level 26. HP: 154/208 MP: 36/36
 46763 | Zot:4    | Killed an orb of fire
 46856 | Zot:5    | Gained mutation: Potions are less effective at restoring
                  | your health. [an orb of fire]
 46858 | Zot:5    | Gained mutation: You are weak. (Str -2) [an orb of fire]
 46862 | Zot:5    | Killed an orb of fire
 46869 | Zot:5    | Noticed an orb of fire
 46878 | Zot:5    | Gained mutation: Your flesh is very cold resistant. (rC++)
                  | [an orb of fire]
 46892 | Zot:5    | Gained mutation: You are clumsy. (Dex -2) [an orb of fire]
 46898 | Zot:5    | Killed an orb of fire
 46949 | Zot:5    | Noticed an ancient lich
 47111 | Zot:4    | Lost mutation: Your flesh is very cold resistant. (rC++)
                  | [potion of mutation]
 47111 | Zot:4    | Lost mutation: You are weak. (Str -2) [potion of mutation]
 47111 | Zot:4    | Gained mutation: You are partially covered in large bone
                  | plates. (SH +4) [potion of mutation]
 47112 | Zot:4    | Lost mutation: Your flesh is cold resistant. (rC+) [potion
                  | of mutation]
 47112 | Zot:4    | Lost mutation: Your spells are a little easier to cast, but
                  | a little less powerful. [potion of mutation]
 47112 | Zot:4    | Lost mutation: You are clumsy. (Dex -2) [potion of
                  | mutation]
 47112 | Zot:4    | Gained mutation: Your movements are slightly less
                  | encumbered by armour. (ER -2) [potion of mutation]
 47112 | Zot:4    | Gained mutation: You are somewhat resistant to further
                  | mutation. [potion of mutation]
 47126 | Zot:5    | Noticed an ancient lich
 47134 | Zot:5    | Killed an ancient lich
 47148 | Zot:5    | Killed an ancient lich
 47202 | Zot:5    | Noticed an orb of fire
 47216 | Zot:5    | Killed an orb of fire
 47288 | Zot:5    | Noticed an orb of fire
 47289 | Zot:5    | Gained mutation: Your body often deteriorates upon taking
                  | damage. [an orb of fire]
 47293 | Zot:5    | Noticed an ancient lich
 47297 | Zot:5    | Gained mutation: You possess an exceptional clarity of
                  | mind. [an orb of fire]
 47308 | Zot:5    | Killed an orb of fire
 47316 | Zot:5    | Killed an ancient lich
 47384 | Zot:5    | Noticed a Killer Klown
 47400 | Zot:5    | Killed a Killer Klown
 47463 | Zot:5    | Noticed a Killer Klown
 47463 | Zot:5    | Noticed a Killer Klown
 47470 | Zot:5    | Killed a Killer Klown
 47476 | Zot:5    | Noticed an orb of fire
 47499 | Zot:5    | Gained mutation: You occasionally lose the ability to drink
                  | potions when taking damage. [an orb of fire]
 47509 | Zot:5    | Gained mutation: Your magical capacity is low. (-10% MP)
                  | [an orb of fire]
 47513 | Zot:5    | Killed an orb of fire
 47519 | Zot:5    | Killed a Killer Klown
 47677 | Zot:5    | Lost mutation: Your body often deteriorates upon taking
                  | damage. [potion of mutation]
 47677 | Zot:5    | Lost mutation: You are partially covered in large bone
                  | plates. (SH +4) [potion of mutation]
 47677 | Zot:5    | Gained mutation: Your spells are a little easier to cast,
                  | but a little less powerful. [potion of mutation]
 47677 | Zot:5    | Gained mutation: You have a pair of small horns on your
                  | head. [potion of mutation]
 47678 | Zot:5    | Lost mutation: You are somewhat resistant to further
                  | mutation. [potion of mutation]
 47678 | Zot:5    | Lost mutation: Potions are less effective at restoring your
                  | health. [potion of mutation]
 47678 | Zot:5    | Gained mutation: You are partially covered in iridescent
                  | scales. (AC +2) [potion of mutation]
 47678 | Zot:5    | Lost mutation: You are frail. (-10% HP) [potion of
                  | mutation]
 47678 | Zot:5    | Gained mutation: You expend magic power (3 MP) to
                  | strengthen your wands. [potion of mutation]
 47900 | Zot:5    | Noticed a Killer Klown
 47929 | Zot:5    | Killed a Killer Klown
 48624 | Zot:5    | Got the Orb of Zot
 48808 | Zot:2    | Noticed Ycah the pandemonium lord
 49021 | D:13     | Noticed a seraph
 49035 | D:13     | Killed a seraph
 49061 | D:12     | Noticed a seraph
 49349 | D:4      | Noticed Geyfappofe the pandemonium lord
 49438 | D:$      | Escaped with the Orb!

Illustrated notes

Levels and vault maps discovered:
D:1:      evilmike_arrival_fibonacci_small, layout_basic, minmay_lizard_king
D:2:      layout_basic, ebering_ecumenical_altar_mist
D:3:      layout_basic
D:4:      layout_gridville, mainiacjoe_overflow_alcove_2, zin_statuary,
          corexii_hall_statues_i, uniq_grinder, uniq_eustachio, uniq_menkaure
D:5:      layout_basic, uniq_prince_ribbit1, uniq_edmund,
          uniq_crazy_yiuf_cottage
D:6:      layout_cave_pools, nicolae_shop_clearance
D:7:      minmay_the_grid_square_5x5_3x3
          [minmay_the_grid_square_5x5_eight_small,
          minmay_the_grid_square_5x5_half_checkered,
          minmay_the_grid_square_5x5_two,
          minmay_the_grid_square_5x5_broken_cross,
          minmay_the_grid_square_5x5_megaprize_crossed,
          minmay_the_grid_square_5x5_mess, minmay_the_grid_square_5x5_z,
          minmay_the_grid_square_5x5_inverted_slash,
          minmay_the_grid_square_5x5_slash], layout_gridville, tgw_xom,
          minmay_temple_entry_drinking_statues, nicolae_kite_square_tiling_tiny
D:8:      layout_basic, mainiacjoe_overflow_cross_hatched,
          mainiacjoe_overflow_tiny_flanked, gammafunk_ghost_split
D:9:      layout_roguey
D:10:     layout_layer_cave, david_lair_shrubbed, serial_demonic,
          serial_demonic_e, serial_demonic_f, serial_demonic_d,
          serial_demonic_a, serial_demonic_c, uniq_harold, uniq_erica, uniq_urug
D:11:     layout_grid_maze, kennysheep_generic_room_4, uniq_lodul, uniq_snorg,
          uniq_psyche
D:12:     layout_grid_maze, hiddenorc2_lemuel, onia_ninara_cookie, uniq_maurice,
          uniq_josephine
D:13:     layout_irregular_city, david_vaults_2, serial_ice, serial_ice_m,
          serial_ice_g, serial_ice_o, serial_ice_e, serial_bayou_pond_d,
          grunt_decor_mini_mirrors, minivault_13, uniq_kirke, uniq_frances,
          uniq_erolcha
D:14:     layout_rooms, nicolae_eternal_life, minmay_misc_feat_alley,
          hangedman_fish_farm
D:15:     gammafunk_depths_entry_grave, layout_loops_ring, serial_ice,
          serial_ice_c, serial_ice_g, serial_ice_d, serial_ice_k,
          portal_ice_cave_entry_dragon, kiku_gazebo_pond_becter,
          worldfamousw_hep_ancestral_shrine
Temple:   minmay_crystal_spiral_temple
Lair:1:   layout_loops_ring, st_stairs_9
Lair:2:   layout_hall_layers, swamp_mist_pool, spider_nest_entry_webs,
          minivault_19
Lair:3:   layout_roguey, ebering_ghost_rock_garden, grunt_megastairs_5
Lair:4:   layout_misc_corridors, pond, serial_bayou_shore_b
Lair:5:   evilmike_catoblepas_cave, layout_cave_pods, slime_entry_1,
          disabler_island, grunt_megastairs_4
Swamp:1:  layout_basic_swamp, evilmike_swamp_ruin_house_4, swamp_pool4,
          infiniplex_staircase_pool_2
Swamp:2:  layout_basic_swamp, evilmike_swamp_ruin_rubble_2
Swamp:3:  layout_basic_swamp, evilmike_swamp_ruin_house_5, uniq_mlioglotl,
          uniq_louise, uniq_aizul
Swamp:4:  swamp_old_school, layout_basic_swamp, cheibrodos_swamp_minitomb
Spider:1: layout_cave_pods, uniq_donald, uniq_nikola
Spider:2: layout_spider_delve
Spider:3: layout_chambers, uniq_asterion, uniq_jorgrun
Spider:4: floodkiller_spider_rune_tomb
Orc:1:    layout_diamond_mine, basic_altar, mines_bat_river
Orc:2:    grunt_orc_gardens, layout_caves, grunt_orc_garden, grunt_orc_garden,
          grunt_orc_garden, grunt_orc_garden, serial_shops,
          nicolae_diamond_shop, uniq_sonja, uniq_azrael
Vaults:1: nicolae_vaults_closet_pinwheel_2, nicolae_vaults_wrenched,
          hangedman_vaults_corner, nicolae_vaults_frosty_reception,
          nicolae_vaults_trapezoid_lopsided_3, nicolae_vaults_weapon_check,
          nicolae_vaults_storage_room_glass, nicolae_vaults_border_crossing,
          nicolae_vaults_prndl, vaults_room_pools, nicolae_vaults_double_plus_2,
          layout_vaults_ring
Vaults:2: nicolae_vaults_tetromino_L_2, nicolae_vaults_heist,
          nicolae_vaults_trapezoid_2, nicolae_vaults_little_squares_6,
          nicolae_vaults_tetromino_T_2, nicolae_vaults_network_square,
          v_rooms_1, v_misc_29, v_alt_pattern_2, ontoclasm_vaults_eye,
          grunt_vaults_diagonal, vaults_dpeg_hooks, layout_vaults_quadrants
Vaults:3: nicolae_vaults_lopsided_apartments, nicolae_vaults_closet_pinwheel_1,
          nicolae_vaults_lightning_bolt, minmay_crypt_entry_simple_box,
          nicolae_vaults_tetromino_T_2, vaults_dpeg_spiral,
          hangedman_vaults_nodes, nicolae_vaults_apartment_1,
          vaults_room_stairs_pillars, nicolae_vaults_diamond_1,
          vaults_room_large_hall, dpeg_vaults_monster_box,
          layout_vaults_omnicross, serial_shops, nicolae_shop_tiny_waterfront
Vaults:4: gammafunk_ghost_mausoleum, nicolae_vaults_little_squares_6,
          vaults_room_pools, hangedman_vaults_river_flow,
          hangedman_vaults_capsules, v_misc_12, v_misc_22,
          nicolae_vaults_little_ls, ontoclasm_vaults_bender,
          vaults_room_stairs_pillars, nicolae_vaults_alarming,
          layout_vaults_maze_bifur, serial_shops, bzr_entry_dummy
Vaults:5
Depths:1: layout_cave_shapes, kennysheep_small_spiral, grunt_mini_vestibule,
          serial_column_ruins, column_ruins_open_small,
          column_ruins_columns_straight, column_ruins_columns_plus,
          column_ruins_open_tiny, column_ruins_grid_3,
          nicolae_dithmenos_through_a_glass_darkly, firewood_loft, uniq_sojobo
Depths:2: minmay_gate_of_8, layout_gridlike, enter_ziggurat_a,
          abyss_entry_small_statue_room, nicolae_qazlal_eye_of_the_storm,
          hell_entry, rand_demon_pan_entry_1, nrook_loot_triangle
Depths:3: kennysheep_funnel, layout_basic, abyss_entry, serial_shops,
          nicolae_inconvenience_store, grunt_pan_entry_zigzag, hell_entry,
          minivault_21, uniq_margery
Depths:4: grunt_zot_entry_gee_three, layout_gridlike, hell_entry,
          rand_demon_pan_entry_9, serial_shops, shop_coins,
          evilmike_spriggan_trog_shrine
Zot:1:    cheibrodos_zot_enchanting_chambers, layout_basic
Zot:2:    layout_basic, lemuel_flame_loot_1, uniq_grunn
Zot:3:    regret_index_qazlal_generations, layout_gridlike
Zot:4:    layout_onion, grunt_megastairs_1
Zot:5:    layout_misc_corridors, guppyfry_library_mini

Skill      XL: |  1  2  3  4  5  6  7  8  9 10 11 12 13 14 15 16 17 18 19 20 21 22 23 24 25 26 |
---------------+-------------------------------------------------------------------------------+-----
Fighting       | 3 4 5 6 8 10 12 14 15 16 18 19 20 21 22 24 26 | 26.1
Polearms       | 5 6 7 8 9 12 14 16 17 18 20 | 20.0
Throwing       | 3 4 6 8 9 11 14 | 14.0
Dodging        | 5 6 8 10 11 13 14 16 17 18 20 22 23 27 | 27.0
Armour         | 3 5 7 8 10 11 12 | 12.0
Invocations    | 5 10 11 13 14 15 18 20 | 20.0
Shields        | 3 7 8 10 12 14 | 14.0

Action                     |  1- 3 |  4- 6 |  7- 9 | 10-12 | 13-15 | 16-18 | 19-21 | 22-24 | 25-27 || total
---------------------------+-------+-------+-------+-------+-------+-------+-------+-------+-------++-------
  Melee: Trident           |   114 |   112 |   422 |   205 |       |       |       |       |       ||   853
         Punch             |       |     3 |     7 |     8 |     6 |       |       |       |       ||    24
         Halberd           |       |       |       |   120 |       |       |       |       |       ||   120
         Demon trident     |       |       |       |   221 |   953 |  1103 |  1093 |   940 |   978 ||  5288
         Tailslap          |       |       |       |       |       |    15 |    11 |       |       ||    26
         Headbutt          |       |       |       |       |       |       |       |       |    59 ||    59
  Throw: Javelin           |       |       |     4 |     3 |    14 |     2 |       |    20 |    62 ||   105
         Dart              |       |       |     4 |       |       |       |       |       |       ||     4
         Throwing net      |       |       |       |       |       |       |       |       |     1 ||     1
 Invoke: Bind Soul         |       |       |       |     1 |     3 |     3 |     1 |       |     1 ||     9
         Recall Undead Har |       |       |       |     1 |    10 |    13 |    13 |     8 |     4 ||    49
         Dark Bargain      |       |       |       |       |       |     1 |     3 |       |       ||     4
         Drain Life        |       |       |       |       |       |       |     4 |     3 |       ||     7
  Evoke: Wand              |       |       |       |       |       |     6 |       |       |     1 ||     7
         Phantom mirror    |       |       |       |       |       |     1 |     2 |       |     2 ||     5
    Use: Scroll            |     2 |    12 |     8 |     8 |     7 |     4 |     8 |    16 |    12 ||    77
         Potion            |     1 |     1 |     2 |     2 |     2 |     3 |     4 |     5 |    14 ||    34
   Stab: Sleeping          |     1 |       |       |     5 |     5 |     5 |     4 |     1 |       ||    21
         Distracted        |       |       |       |     8 |    22 |    29 |    37 |    20 |    17 ||   133
         Petrified         |       |       |       |       |    28 |       |       |       |       ||    28
         Petrifying        |       |       |       |       |     1 |       |       |       |       ||     1
         Paralysed         |       |       |       |       |       |       |     4 |    21 |       ||    25
 Armour: Leather armour    |    10 |       |       |       |       |       |       |       |       ||    10
         Ring mail         |     5 |    49 |    73 |       |       |       |       |       |       ||   127
         Steam dragon scal |       |       |    62 |     7 |       |       |       |       |       ||    69
         Troll leather arm |       |       |       |    72 |   131 |   166 |   131 |    24 |       ||   524
         Skin              |       |       |       |       |     8 |       |       |       |       ||     8
         Fire dragon scale |       |       |       |       |       |       |       |   104 |   206 ||   310
  Dodge: Dodged            |    70 |    48 |   273 |   280 |   448 |   518 |   489 |   405 |   535 ||  3066
  Block: Buckler           |       |       |       |       |    82 |       |       |       |       ||    82
         Kite shield       |       |       |       |       |    69 |   430 |   613 |   435 |   639 ||  2186
         Reflection        |       |       |       |       |       |       |    42 |    23 |    18 ||    83
